Map: Orbital Shipyard

Players

IIIIIIIIII - Winner!

  • Race: Protoss Protoss
  • League: Grandmaster

HzVee

  • Race: Protoss Protoss

VOD

Have the link to the VOD?

Description

Time

  • Played on: Oct. 1, 2015, 7:55 p.m.
  • Length: 11:25
Show
View Real Time Build Order
Export as new Build Order

IIIIIIIIII Protoss - Winner!

Build Orders: Oracle Opening 

Get SALT Encoding   

  12  0:01  Probe (Chrono Boost)  
  13  0:11  Probe (Chrono Boost)  
  14  0:18  Pylon  
  14  0:21  Probe (Chrono Boost)  
  15  0:36  Probe (Chrono Boost)  
  15  0:38  Gateway  
  16  0:46  Probe (Chrono Boost)  
  16  0:48  Assimilator  
  17  0:51  Assimilator  
  17  0:56  Probe (Chrono Boost)  
  18  1:02  Pylon  
  18  1:06  Probe (Chrono Boost)  
  19  1:15  Probe (Chrono Boost)  
  20  1:25  Cybernetics Core, Probe (Chrono Boost)  
  21  1:35  Probe (Chrono Boost)  
  22  1:45  Probe (Chrono Boost)  
  23  1:55  Probe (Chrono Boost)  
  24  2:02  Stargate, Warp Gate  
  24  2:06  Adept  
  26  2:10  Probe (Chrono Boost)  
  27  2:25  Nexus  
  27  2:29  Mothership Core (Chrono Boost)  
  29  2:37  Pylon  
  29  2:56  Probe (Chrono Boost)  
  30  2:58  Oracle (Chrono Boost)  
  30  3:05  Pylon  
  33  3:07  Probe  
  34  3:19  Probe  
  33  3:24  Adept  
  35  3:29  Oracle (Chrono Boost)  
  35  3:31  Gateway  
  38  3:37  Gateway  
  38  3:42  Probe x2  
  40  3:51  Probe  
  40  3:54  Probe  
  42  4:01  Probe  
  42  4:06  Probe  
  44  4:13  Probe  
  45  4:18  Probe  
  45  4:21  Pylon  
  45  4:23  Probe, Robotics Facility  
  46  4:29  Adept x2  
  46  4:31  Probe  
  52  4:46  Probe  
  52  4:48  Probe  
  54  4:54  Adept x3  
  54  4:56  Probe  
  54  4:59  Pylon, Assimilator  
  61  5:01  Pylon  
  61  5:02  Assimilator  
  61  5:04  Probe, Forge, Pylon  
  62  5:09  Probe  
  63  5:16  Probe  
  63  5:21  Immortal (Chrono Boost), Probe  
  64  5:28  Probe  
  70  5:29  Robotics Bay  
  70  5:38  Sentry  
  70  5:41  Adept x2  
  76  5:48  Nexus  
  76  5:51  Pylon  
  76  5:54  Probe  
  76  5:55  Observer (Chrono Boost)  
  78  5:58  Pylon  
  78  6:00  Protoss Ground Weapons Level 1 (Chrono Boost), Pylon  
  78  6:09  Probe x2  
  80  6:15  Adept x2  
  80  6:18  Adept  
  86  6:26  Pylon  
  86  6:32  Disruptor (Chrono Boost)  
  89  6:41  Probe x2  
  89  6:46  Gateway  
  91  6:47  Sentry x2  
  91  6:48  Sentry, Gateway  
  91  6:50  Gateway  
  91  6:53  Probe x2  
  99  7:07  Probe  
  99  7:09  Probe x2  
  99  7:11  Gateway  
  99  7:14  Gateway  
  102  7:16  Stalker x3  
  102  7:17  Probe  
  102  7:18  Gateway  
  102  7:20  Disruptor (Chrono Boost)  
  102  7:21  Probe  
  113  7:23  Twilight Council  
  113  7:45  Stalker x3  
  113  7:50  Probe  
  119  7:51  Probe  
  119  7:52  Probe  
  119  7:55  Assimilator x2  
  119  7:58  Protoss Ground Weapons Level 2 (Chrono Boost)  
  122  8:00  Probe  
  122  8:04  Probe x2, Disruptor (Chrono Boost)  
  128  8:10  Probe  
  129  8:16  Probe x2  
  129  8:18  Nexus  
  131  8:20  Probe  
  132  8:36  Shield Upgrade (Chrono Boost)  
  132  8:37  Disruptor  
  132  8:40  Pylon  
  132  8:43  Pylon  
  132  8:46  Pylon  
  135  8:49  Pylon  
  129  9:08  Disruptor  
  129  9:10  Blink  
  132  9:20  Robotics Facility  
  129  9:48  Stalker x4  
  129  9:49  Stalker x2, Zealot x3  
  142  10:03  Pylon  
  142  10:06  Pylon  
  142  10:08  Pylon  
  142  10:09  Disruptor (Chrono Boost)  
  142  10:10  Disruptor (Chrono Boost)  
  142  10:11  Pylon  
  152  10:49  Adept x5  
  158  10:50  Adept x4  
  152  11:21  Stalker x3  
  152  11:22  Stalker x3, Zealot x2  
  152  11:23  Zealot  
Show
View Real Time Build Order
Export as new Build Order

HzVee Protoss 

Build Orders:  

Get SALT Encoding   

  12  0:00  Probe (Chrono Boost)  
  13  0:10  Probe (Chrono Boost)  
  14  0:22  Probe (Chrono Boost), Pylon  
  15  0:39  Probe (Chrono Boost)  
  15  0:41  Gateway  
  16  0:46  Assimilator  
  16  0:49  Probe (Chrono Boost)  
  17  1:09  Gateway  
  17  1:12  Probe (Chrono Boost)  
  18  1:20  Assimilator  
  18  1:22  Probe (Chrono Boost)  
  18  1:23  Pylon  
  19  1:28  Zealot (Chrono Boost)  
  19  1:32  Probe (Chrono Boost)  
  22  1:44  Probe  
  23  1:48  Cybernetics Core  
  23  2:04  Probe  
  24  2:13  Nexus  
  24  2:19  Pylon, Warp Gate (Chrono Boost)  
  24  2:21  Probe  
  25  2:32  Adept  
  27  2:39  Adept  
  29  2:47  Pylon  
  29  2:48  Probe  
  30  3:00  Mothership Core  
  32  3:20  Stalker  
  32  3:21  Stalker, Probe  
  37  3:30  Probe  
  37  3:33  Probe  
  39  3:40  Probe  
  40  3:50  Probe  
  40  3:52  Robotics Facility  
  40  3:55  Twilight Council  
  41  4:00  Probe  
  37  4:21  Probe  
  38  4:31  Probe  
  38  4:33  Forge  
  38  4:36  Pylon  
  37  4:41  Probe  
  37  4:44  Probe  
  32  4:47  Observer  
  32  4:55  Probe (Chrono Boost)  
  33  5:05  Probe (Chrono Boost)  
  34  5:10  Pylon  
  34  5:14  Stalker  
  34  5:15  Stalker, Probe (Chrono Boost)  
  39  5:21  Protoss Ground Weapons Level 1 (Chrono Boost)  
  39  5:25  Probe (Chrono Boost)  
  40  5:31  Photon Cannon  
  40  5:38  Photon Cannon  
  40  5:40  Probe (Chrono Boost)  
  41  5:47  Probe  
  42  5:58  Probe  
  42  5:59  Probe  
  44  6:08  Probe  
  45  6:13  Stalker  
  45  6:15  Stalker  
  45  6:18  Probe  
  50  6:28  Probe, Blink  
  51  6:35  Observer  
  51  6:38  Probe  
  53  6:54  Adept  
  53  6:55  Adept  
  57  7:15  Pylon  
  57  7:17  Immortal (Chrono Boost)  
  57  7:20  Gateway  
  61  7:29  Stalker  
  63  7:30  Stalker  
  61  7:56  Stalker x2  
  65  8:08  Pylon  
  65  8:10  Pylon  
  65  8:17  Protoss Shields Level 1  
  65  8:23  Immortal (Chrono Boost)  
  67  8:30  Probe  
  67  8:32  Assimilator  
  68  8:37  Assimilator  
  68  8:40  Stalker x3  
  74  8:42  Probe  
  75  8:54  Probe  
  68  9:06  Probe  
  68  9:07  Stalker  
  68  9:08  Stalker x2  
  71  9:14  Immortal (Chrono Boost)  
  75  9:23  Gateway  
  75  9:24  Gateway  
  75  9:26  Probe  
  76  9:34  Robotics Bay  
  77  9:38  Probe  
  71  9:46  Immortal (Chrono Boost)  
  71  9:48  Stalker x3  
  71  9:50  Probe  
  74  10:02  Probe  
  75  10:13  Stalker x2  
  75  10:14  Stalker  
  79  10:36  Colossus (Chrono Boost)  
  81  10:52  Stalker x2  
  81  10:56  Zealot x2  
Tags
 
Add a new tag
Caveats
  • Supply blocks, unpowered buildings, or Contaminate may cause inaccurate times.
  • Supply counts are checked every 10 seconds.